 Dungeon Crawl Stone Soup version 0.31-a0-214-gb37851dbb3 (webtiles) character file.

Game seed: 5110613745960781762

55 qw the Shooter (level 3, 0/30 HPs)
             Began as a Minotaur Hexslinger on July 1, 2023.
             Slain by an orc priest
             ... wielding a +0 whip
              (3 damage)
             ... on level 2 of the Dungeon.
             The game lasted 00:00:23 (942 turns).

qw the Shooter (Minotaur Hexslinger)                 Turns: 942, Time: 00:00:24

Health: 0/30       AC:  3    Str: 12    XL:     3   Next: 67%
Magic:  3/3        EV: 12    Int: 10    God:
Gold:   174        SH:  0    Dex: 14    Spells: 3/4 levels left

rFire   + . .        Y - +1 sling
rCold   . . .        (no shield)
rNeg    . . .        g - +0 leather armour
rPois   .            (helmet restricted)
rElec   .            (no cloak)
rCorr   .            (no gloves)
SInv    .            (no boots)
Will    .....        (no amulet)
Stlth   +            d - ring of protection from fire
HPRegen 0.25/turn    (no ring)
MPRegen 0.08/turn

%: no passive effects
@: no status effects
A: horns 2, retaliatory headbutt
a: no special abilities


You were on level 2 of the Dungeon.
You visited 1 branch of the dungeon, and saw 2 of its levels.

You collected 174 gold pieces.


Innate Abilities, Weirdness & Mutations

You have a pair of horns on your head.
You reflexively headbutt those who attack you in melee.


   Skills:
 - Level 2.4 Fighting
 + Level 4.0 Ranged Weapons
 - Level 2.1 Dodging
 - Level 1.0 Spellcasting
 - Level 2.0 Hexes


You had 3 spell levels left.
You knew the following spells:

 Your Spells              Type           Power      Damage    Failure   Level
a - Slow                  Hex            16%        N/A       19%         1

Your spell library contained the following spells:

 Spells                   Type           Power      Damage    Failure   Level
 Inner Flame              Hex/Fire       2%         N/A       65%         3
 Portal Projectile        Hex/Tloc       4%         N/A       65%         3
 Cause Fear               Hex            2%         N/A       88%         4

Inventory:

Hand Weapons
 Y - a +1 sling (weapon)
Armour
 g - a +0 leather armour (worn)
Jewellery
 d - a ring of protection from fire (left hand)
Potions
 a - a potion of might {unknown}
 f - a potion of enlightenment {unknown}

Dungeon Overview and Level Annotations

Branches:
Dungeon (2/15)

Altars:


Message History

923 ||| STILL FLEEEEING.
924 ||| FLEEEEING.
925 ||| FLEEEEING.
926 ||| FLEEEEING.
927 ||| FLEEEEING.
928 ||| STILL FLEEEEING.
You start resting.
An orc is nearby!
You shoot a sling bullet. The sling bullet hits the orc.
The orc is severely wounded.
You shoot a sling bullet. The sling bullet hits the orc.
You kill the orc!
You start resting.
An orc priest is nearby!
You shoot a sling bullet.
The sling bullet closely misses the orc priest.
You shoot a sling bullet.
The sling bullet barely misses the orc priest.
The orc priest mumbles some strange prayers to Beogh against you.
Beogh smites you!
You shoot a sling bullet. The sling bullet hits the orc priest.
The orc priest is moderately wounded.
You shoot a sling bullet.
The sling bullet barely misses the orc priest.
The orc priest mumbles some strange prayers to Beogh against you.
You barely resist. You shoot a sling bullet.
The sling bullet hits the orc priest.
The orc priest is heavily wounded.
The orc priest hits you with a +0 whip.
You shoot a sling bullet.
The sling bullet completely misses the orc priest.
The orc priest closely misses you.
You shoot a sling bullet.
The sling bullet barely misses the orc priest.
The orc priest mumbles some strange prayers to Beogh against you.
Beogh smites you! The orc priest hits you with a +0 whip.
You shoot a sling bullet. The sling bullet hits the orc priest.
The orc priest is almost dead.
The orc priest hits you with a +0 whip.
You die...

#.# #.# #.# # #.# # #.# # #.# #
#.# # ############.# #
#..@.........# # #.o..........#
#
############............#######
#....o.....)...................
##.#########...................
#.# #................... #.#
############........ #.#
########. #.# #.


You could see an orc priest.

Vanquished Creatures
  An orc wizard (D:2)
  An adder (D:2)
  A dart slug (D:1)
  An orc (D:2)
  A goblin (D:1)
  3 hobgoblins
  5 ball pythons
  A bat (D:2)
  4 kobolds
  A rat (D:1)
19 creatures vanquished.

Notes
Turn   | Place    | Note
-------+----------+-------------------------------------------
     0 | D:1      | qw the Minotaur Hexslinger began the quest for the Orb.
     0 | D:1      | Reached XP level 1. HP: 16/16 MP: 1/1
     0 | D:1      | 0 ||| qw: Version: 0.3-a-32-g5962c71
     0 | D:1      | 0 ||| qw: Game counter: 7553
     0 | D:1      | 0 ||| qw: Melee chars always use a shield: true
     0 | D:1      | 0 ||| qw: God list: Okawaru
     0 | D:1      | 0 ||| qw: Allow faded altars: false
     0 | D:1      | 0 ||| qw: Do Orc after clearing Dungeon:15 true
     0 | D:1      | 0 ||| qw: Do second Lair branch before Depths: true
     0 | D:1      | 0 ||| qw: Lair rune preference: random
     0 | D:1      | 0 ||| qw: Goals: Normal
     0 | D:1      | 0 ||| PLANNING D:1-11
    46 | D:1      | Reached skill level 3 in Ranged Weapons
   318 | D:1      | Reached XP level 2. HP: 23/23 MP: 2/2
   405 | D:1      | 405 ||| FLEEEEING.
   406 | D:1      | 406 ||| FLEEEEING.
   407 | D:1      | 407 ||| FLEEEEING.
   472 | D:1      | 472 ||| UPGRADING to +0 leather armour.
   482 | D:1      | 482 ||| DROPPING +0 robe.
   483 | D:1      | 483 ||| UPGRADING to ring of protection from fire.
   484 | D:1      | 484 ||| READING scroll labelled DEKKALAGGO.
   485 | D:1      | 485 ||| READING scroll labelled KOJEUL RALUHE.
   486 | D:1      | 486 ||| DROPPING scroll of poison.
   879 | D:2      | 879 ||| Stepping ~*~*~tactically~*~*~ (outnumbered).
   881 | D:2      | Reached XP level 3. HP: 30/30 MP: 3/3
   886 | D:2      | 886 ||| FLEEEEING.
   887 | D:2      | 887 ||| FLEEEEING.
   888 | D:2      | 888 ||| FLEEEEING.
   897 | D:2      | 897 ||| FLEEEEING.
   898 | D:2      | 898 ||| FLEEEEING.
   899 | D:2      | 899 ||| FLEEEEING.
   900 | D:2      | 900 ||| FLEEEEING.
   914 | D:2      | Reached skill level 4 in Ranged Weapons
   915 | D:2      | 915 ||| FLEEEEING.
   916 | D:2      | 916 ||| FLEEEEING.
   917 | D:2      | 917 ||| FLEEEEING.
   918 | D:2      | 918 ||| FLEEEEING.
   924 | D:2      | 924 ||| FLEEEEING.
   925 | D:2      | 925 ||| FLEEEEING.
   926 | D:2      | 926 ||| FLEEEEING.
   927 | D:2      | 927 ||| FLEEEEING.
   941 | D:2      | HP: 6/30 [orc priest/divine providence (12)]
   941 | D:2      | HP: 2/30 [orc priest/+0 whip (4)]
   942 | D:2      | Slain by an orc priest

Levels and vault maps discovered:
D:1:      wander_arrival_chamber, layout_rooms, chequers_serial_rivers_large_b
D:2:      layout_basic

Skill      XL: |  1  2  3 |
---------------+----------+-----
Ranged Weapons | 3 4 |  4.0
Fighting       | 2 |  2.4
Dodging        | |  2.1
Spellcasting   | |  1.0
Hexes          | |  2.0

Action                     || total
---------------------------++-------
   Fire: Sling             ||    60
    Use: Scroll            ||     2
 Armour: Leather armour    ||     3
  Dodge: Dodged            ||     9

Table legend:
 A = Non-vault XP
 B = Vault XP
 C = Vault XP percentage of total XP
 D = Non-vault monster count
 E = Vault monster count
 F = Vault count percentage of total count
                 A         B        C        D         E       F
            +---------+---------+-------+---------+---------+-------
      Total |      79 |       0 |   0.0 |      19 |       0 |   0.0
            +---------+---------+-------+---------+---------+-------
        D:1 |      17 |       0 |   0.0 |       9 |       0 |   0.0
        D:2 |      62 |       0 |   0.0 |      10 |       0 |   0.0
            +---------+---------+-------+---------+---------+-------
